 Dungeon Crawl Stone Soup version 0.22-a0-271-gc000056 (webtiles) character file.

1049 ohad the Basher (level 8, -4/50 HPs)
             Began as a Gargoyle Fighter on Mar 10, 2018.
             Shot with an arrow by a centaur (9 damage)
             ... on level 5 of the Dungeon.
             The game lasted 00:15:26 (4394 turns).

ohad the Basher (Gargoyle Fighter)                  Turns: 4394, Time: 00:15:27

Health: -4/50      AC: 13    Str: 21    XL:     8   Next: 25%
Magic:  8/8        EV:  7    Int:  8    God:
Gold:   329        SH:  9    Dex: 11    Spells: 7/7 levels left

rFire    . . .     SeeInvis .   a - +0 flail
rCold    . . .     Gourm    .   c - +0 shield
rNeg     + . .     Faith    .   b - +0 scale mail
rPois    ∞         Spirit   .   (no helmet)
rElec    +         Reflect  .   (no cloak)
rCorr    .         Harm     .   e - +0 pair of gloves
MR       .....                  (no boots)
Stlth    ..........             w - amulet of inaccuracy
HPRegen  0.16/turn              (no ring)
MPRegen  0.11/turn              (no ring)

@: very slightly contaminated
A: negative energy resistance 1, electricity resistance, unbreathing,
petrification resistance, rot immunity, AC +5
a: no special abilities


You were on level 5 of the Dungeon.
You were not hungry.

You visited 1 branch of the dungeon, and saw 5 of its levels.
You also visited: Sewer.

You collected 329 gold pieces.

Inventory:

Hand Weapons
 a - a +0 flail (weapon)
 i - a +1 whip of flaming
Missiles
 j - 18 poisoned needles
 r - 11 bolts
 t - 7 javelins (quivered)
Armour
 b - a +0 scale mail (worn)
 c - a +0 shield (worn)
 d - a +0 troll leather armour {Purgy}
 e - a +0 pair of gloves (worn)
Jewellery
 w - an amulet of inaccuracy (around neck)
Wands
 k - a wand of scattershot (8)
 x - a wand of polymorph (5)
 y - a wand of random effects (29)
Scrolls
 h - 2 scrolls of fear
 m - 3 scrolls of remove curse
 n - a scroll of magic mapping
 o - a scroll of fog
 p - a scroll of immolation
 s - a scroll of amnesia
Potions
 g - 2 potions of lignification
 l - 8 potions of flight
 v - 2 potions of curing
 z - a potion of heal wounds {unknown}
Comestibles
 f - 13 rations
 u - 5 chunks of flesh


   Skills:
 + Level 5.6 Fighting
 * Level 8.6 Maces & Flails
 - Level 3.2 Armour
 - Level 3.2 Shields


You had 7 spell levels left.
You didn't know any spells.

Dungeon Overview and Level Annotations

Branches:
Dungeon (5/15)
 Temple: D:4-7

Altars:
Cheibriados
Xom
Zin

Annotations:
D:5 nono's ghost, novice VSTm


Innate Abilities, Weirdness & Mutations

You are resistant to torment.
Your stone body is resilient. (AC +5)
You are immune to poison.
You resist negative energy. (rN+)
You are resistant to electric shocks. (rElec)
You can survive without breathing.
You are immune to petrification.
You are immune to rotting.


Message History

The centaur shouts!
The centaur wields an uncursed shortbow.
The centaur shoots an arrow.
The arrow hits you.
* * * LOW HITPOINT WARNING * * *
The phantom blinks!
The centaur shoots an arrow.
The arrow hits you but does no damage.
A magic dart appears from out of thin air!
The magic dart hits you!
* * * LOW HITPOINT WARNING * * *
The centaur shoots an arrow.
The arrow hits you.
* * * LOW HITPOINT WARNING * * *
You see here an arrow.
Unknown command.
Okay, then.
Blink to where?
Press: ? - help, Dir - move target cursor
As you read the scroll of blinking, it crumbles to dust.
The centaur shoots an arrow.
You block the arrow.
The centaur shoots an arrow.
The arrow hits you!
You die...

#.....##.###..#W.#
#....Wg.g.....#§.# #
#....(##.##.#.#..##.#
##.##.Z<.##...#c....#
#. #######.#....####
#. #.##...# #.
#.##...# #.
#####......#
#.......#.@#
#.........>#
#.......##.#
#.......##.#
##########.# #(# #.#
..#


You could see a centaur.

Vanquished Creatures
  Pikel (D:3)
  Purgy (Sewer)
  An ogre (D:5)
  A scorpion (D:4)
  A howler monkey (D:5)
  A centaur zombie (D:5)
  2 orc priests
  An orc wizard (D:4)
  A worker ant (D:3)
  5 gnolls
  6 adders
  An ooze (D:3)
  2 worms (D:2)
  A dart slug (D:1)
  11 orcs
  9 bats
  4 giant cockroaches
  5 goblins
  6 hobgoblins
  4 quokkas
  3 ball pythons
  4 frilled lizards
  4 kobolds
  5 rats (D:1)
  A fungus (D:4)
81 creatures vanquished.

Vanquished Creatures (others)
  Sigmund (D:4)
  Ijyb (D:4)
2 creatures vanquished.

Grand Total: 83 creatures vanquished

Notes
Turn   | Place    | Note
-------+----------+-------------------------------------------
     0 | D:1      | ohad the Gargoyle Fighter began the quest for the Orb.
     0 | D:1      | Reached XP level 1. HP: 14/14 MP: 1/1
   292 | D:1      | Reached XP level 2. HP: 20/20 MP: 2/2
   727 | D:1      | Reached XP level 3. HP: 21/24 MP: 3/3
   964 | D:2      | Reached skill level 3 in Maces & Flails
  1237 | D:2      | Reached XP level 4. HP: 27/29 MP: 4/4
  1881 | D:3      | Found a glowing drain.
  1886 | Sewer    | Entered a sewer
  1929 | Sewer    | Reached skill level 4 in Maces & Flails
  1953 | Sewer    | Noticed Purgy
  1969 | Sewer    | Killed Purgy
  1969 | Sewer    | Reached skill level 5 in Maces & Flails
  1969 | Sewer    | Reached XP level 5. HP: 22/34 MP: 5/5
  2176 | D:3      | Found a glowing silver altar of Zin.
  2349 | D:3      | Reached XP level 6. HP: 23/39 MP: 6/6
  2707 | D:4      | Found a shimmering altar of Xom.
  2762 | D:4      | Noticed Ijyb
  2770 | D:4      | Noticed a slave
  2771 | D:4      | Noticed Pikel
  2771 | D:4      | Noticed a slave
  2775 | D:4      | Noticed a slave
  2781 | D:4      | Noticed a slave
  3044 | D:3      | Killed Pikel
  3044 | D:3      | Reached skill level 5 in Fighting
  3044 | D:3      | Reached skill level 7 in Maces & Flails
  3044 | D:3      | Reached XP level 7. HP: 23/44 MP: 7/7
  3138 | D:4      | Killed Ijyb
  3289 | D:4      | Noticed Sigmund
  3335 | D:4      | Killed Sigmund
  3467 | D:4      | Found a snail-covered altar of Cheibriados.
  3816 | D:5      | Entered Level 5 of the Dungeon
  3904 | D:5      | Noticed nono's ghost (novice VSTm)
  3911 | D:5      | HP: 2/44 [nono's ghost (6)]
  4222 | D:4      | Reached skill level 8 in Maces & Flails
  4290 | D:5      | Reached XP level 8. HP: 47/50 MP: 8/8
  4394 | D:5      | Shot with an arrow by a centaur

Vault maps used:
D:1:      dpeg_cavernosity, minmay_split_cup_large
D:3:      zin_statuary, portal_sewer_entry_e, first_ration
D:4:      nicolae_overflow_hidden_temple, minmay_gold_behind_fungi,
          cheibriados_altar_1, uniq_pikel, uniq_sigmund, uniq_ijyb
D:5:      kennysheep_mini_moat, kennysheep_little_box, roderic_batcave
Sewer:    sewer_co_purgy_island

Skill      XL: |  1  2  3  4  5  6  7 |
---------------+----------------------+-----
Fighting       | 4 5 |  5.6
Maces & Flails | 3 5 7 8 |  8.6
Armour         | |  3.2
Shields        | |  3.2

Action                   |  1- 3 |  4- 6 |  7- 9 || total
-------------------------+-------+-------+-------++-------
Melee: Flail             |    91 |   232 |   168 ||   491
       Unarmed           |       |    25 |       ||    25
  Use: Potion            |       |     2 |       ||     2
       Scroll            |       |    11 |     4 ||    15
 Stab: Fleeing           |       |     2 |       ||     2
  Eat: Chunk             |     1 |     6 |     3 ||    10
       Ration            |       |       |     1 ||     1
Armor: Scale mail        |    58 |   148 |    75 ||   281
       Skin              |       |    25 |     1 ||    26
Dodge: Dodged            |    30 |   109 |    45 ||   184
Block: Shield            |    67 |   143 |    71 ||   281

Table legend:
 A = Spawn XP
 B = Non-spawn XP
 C = Spawn XP percentage of total XP
 D = Spawn monster count
 E = Non-spawn monster count
 F = Spawn count percentage of total count
 G = Total turns spent on level
                    A         B        C        D         E        F      G
               +---------+---------+-------+---------+---------+-------+---------
         Total |       0 |    1499 |   0.0 |       0 |      80 |   0.0 |  4394
               +---------+---------+-------+---------+---------+-------+---------
           D:1 |       0 |      36 |   0.0 |       0 |      22 |   0.0 |   854
           D:2 |       0 |      52 |   0.0 |       0 |      14 |   0.0 |   718
           D:3 |       0 |     727 |   0.0 |       0 |      13 |   0.0 |   972
           D:4 |       0 |     209 |   0.0 |       0 |      14 |   0.0 |  1474
           D:5 |       0 |     312 |   0.0 |       0 |      11 |   0.0 |   170
         Sewer |       0 |     163 |   0.0 |       0 |       6 |   0.0 |   206
               +---------+---------+-------+---------+---------+-------+---------
